 Dungeon Crawl Stone Soup version 0.24.0-37-gcf1ca852f1 (webtiles) character file.

Game seed: 2011716020408783689, levelgen mode: deterministic

597 miragecloak the Insei (level 7, -1/43 HPs)
             Began as an Octopode Transmuter on Dec 7, 2019.
             Slain by a killer bee (3 damage)
             ... on level 5 of the Dungeon on Dec 8, 2019.
             The game lasted 00:07:31 (5334 turns).

miragecloak the Insei (Octopode Transmuter)         Turns: 5334, Time: 00:07:31

Health: -1/43      AC:  1    Str: 10    XL:     7   Next: 40%
Magic:  10/10      EV: 16    Int: 15    God:
Gold:   193        SH:  0    Dex: 16    Spells: 7/10 levels left

rFire    . . .     SeeInvis .   A - +8 dagger of Xocoess {pierce, rN+}
rCold    + . .     Gourm    .   (no shield)
rNeg     + . .     Faith    .   (helmet restricted)
rPois    .         Spirit   .   (no amulet)
rElec    .         Reflect  .   s - +2 ring of dexterity
rCorr    .         Harm     .   q - ring of protection from cold
MR       .....                  (no ring)
Stlth    ++........             (no ring)
HPRegen  0.14/turn              (no ring)
MPRegen  0.12/turn              (no ring)
                                (no ring)
                                (no ring)

@: lethally poisoned (-1 -> -6)
A: almost no armour, stealthy swim, amphibious, 8 rings, constrict 8, camouflage
1, gelatinous body 1
a: no special abilities


You were on level 5 of the Dungeon.
You were hungry.

You visited 1 branch of the dungeon, and saw 5 of its levels.

You collected 193 gold pieces.

Inventory:

Hand Weapons
 A - the +8 dagger of Xocoess (weapon) {pierce, rN+}
   (You found it on level 4 of the Dungeon)

   It inflicts extra damage upon your enemies.
   It protects you from negative energy.
Missiles
 a - 92 arrows
Armour
 g - a +1 shield
Jewellery
 p - an uncursed ring of magical power
 q - a ring of protection from cold (right tentacle)
 s - a +2 ring of dexterity (left tentacle)
Wands
 m - a wand of disintegration (11)
 n - a wand of random effects (15)
 t - a wand of paralysis (8)
Scrolls
 b - 2 scrolls of immolation {unknown}
 d - a scroll of enchant armour
 e - 6 scrolls of teleportation {unknown}
 h - a scroll of random uselessness
 i - a scroll of enchant weapon {unknown}
 j - a scroll of amnesia
 k - 6 scrolls of identify {unknown}
 o - a scroll of noise {unknown}
 v - a scroll of remove curse {unknown}
 x - a scroll of fear {unknown}
 y - 2 scrolls of blinking {unknown}
Potions
 f - 5 potions of curing {unknown}
 l - 3 potions of lignification {unknown}
 r - a potion of degeneration {unknown}
 u - a potion of heal wounds {unknown}
 w - a potion of haste {unknown}
 z - a potion of mutation {unknown}
Comestibles
 c - 11 rations


   Skills:
 + Level 1.4 Fighting
 + Level 4.4 Dodging
 - Level 5.3 Unarmed Combat
 - Level 2.0 Spellcasting
 - Level 4.1 Transmutations
 - Level 3.0 Poison Magic


You had 7 spell levels left.
You knew the following spells:

 Your Spells              Type           Power        Failure   Level  Hunger
b - Spider Form           Tmut/Pois      ##........   16%         3    ###....

Your spell library contained the following spells:

 Spells                   Type           Power        Failure   Level  Hunger
 Beastly Appendage        Tmut           ##....       4%          1    #......
 Sticks to Snakes         Tmut           ##......     6%          2    ###....
 Corona                   Hex            #......      22%         1    #......
 Ensorcelled Hibernation  Hex/Ice        #.....       32%         2    ###....
 Confuse                  Hex            #.......     54%         3    ###....
 Dazzling Spray           Conj/Hex       #.....       54%         3    ###....
 Tukima's Dance           Hex            #.......     54%         3    ###....
 Ice Form                 Ice/Tmut       #.......     67%         4    #####..
 Blade Hands              Tmut           ##........   75%         5    ######.


Dungeon Overview and Level Annotations

Branches:
Dungeon (5/15)
 Temple: D:4-7

Altars:
Elyvilon
Wu Jian

Annotations:
D:4 1 runed translucent door, dasteron's ghost, amateur GrBe


Innate Abilities, Weirdness & Mutations

You cannot wear most types of armour.
You are very stealthy in the water. (Stealth+)
You are amphibious.
You can wear up to eight rings at the same time.
You can use your tentacles to constrict eight enemies at once.
Your skin changes colour to match your surroundings (Stealth+).
Your rubbery body absorbs attacks. (AC +1, EV +1)


Message History

The killer bee closely misses you.
Okay, then.
Okay, then.
As you read the scroll labeled KITTOLA RASS, it crumbles to dust.
The dust glows pulsating mauve!
It was a scroll of random uselessness.
The killer bee barely misses you. The killer bee closely misses you.
The killer bee stings you.
* * * LOW HITPOINT WARNING * * *
The killer bee stings you.
* * * LOW HITPOINT WARNING * * *
You are lethally poisoned!
The killer bee poisons you!
As you read the scroll labeled XAG AS ZUESK, it crumbles to dust.
It is a scroll of enchant armour.
Your shield glows green for a moment.
* * * LOW HITPOINT WARNING * * *
You feel sick. The killer bee stings you.
* * * LOW HITPOINT WARNING * * *
The killer bee stings you.
You die...

##....##.#... ##....
#........... #.....
##..........####.....
#.............###....
#.............##..... ####
#..............###..
##...###..............##>.#
#........y...............##
##.......y@........#.##..##
#....##..y#######>.####....
#...##.oo# ♣♣♣ #.#####....
#...#..o#♣#.#♣#...#......
#......#♣._..'..........
#......#♣#.#♣#.<........
#...#....# ♣♣♣ #.###......
....(##.##.# #..###.....
#.... #..#... ...........


You could see 3 killer bees, 2 orc priests and an orc.

Vanquished Creatures
  Edmund (D:4)
  An ogre (D:4)
  A killer bee (D:5)
  A centaur zombie (D:5)
  Natasha (thrice) (D:4)
  A worker ant (D:5)
  3 gnolls (D:2)
  9 adders
  An adder zombie (D:5)
  3 worms
  2 dart slugs
  3 leopard geckos
  4 orcs
  13 bats
  7 giant cockroaches
  6 goblins
  6 hobgoblins
  7 jackals
  9 kobolds
  3 quokkas
  2 ball pythons
  5 frilled lizards
  6 rats
97 creatures vanquished.

Notes
Turn   | Place    | Note
-------+----------+-------------------------------------------
     0 | D:1      | miragecloak the Octopode Transmuter began the quest for the
                  | Orb.
     0 | D:1      | Reached XP level 1. HP: 13/13 MP: 3/3
   165 | D:1      | Reached XP level 2. HP: 10/18 MP: 5/5
  1131 | D:1      | Reached XP level 3. HP: 21/23 MP: 6/6
  1600 | D:2      | Learned a level 3 spell: Spider Form
  1808 | D:2      | Reached skill level 1 in Poison Magic
  2004 | D:2      | Reached XP level 4. HP: 26/28 MP: 7/7
  2323 | D:2      | Reached XP level 5. HP: 2/33 MP: 3/8
  3094 | D:3      | Found a white marble altar of Elyvilon.
  3914 | D:3      | Reached skill level 4 in Unarmed Combat
  3976 | D:4      | Noticed an ogre
  4408 | D:4      | Noticed Natasha
  4414 | D:4      | Killed Natasha
  4421 | D:4      | Noticed Natasha
  4603 | D:4      | Killed Natasha
  4603 | D:4      | Reached XP level 6. HP: 32/38 MP: 3/9
  4680 | D:4      | Reached skill level 5 in Unarmed Combat
  4876 | D:4      | Noticed Edmund
  4878 | D:4      | Found a runed translucent door.
  4878 | D:4      | Noticed dasteron's ghost (amateur GrBe)
  4918 | D:4      | Got a brightly glowing dagger
  4919 | D:4      | Identified the +8 dagger of Xocoess {pierce, rN+} (You
                  | found it on level 4 of the Dungeon)
  5035 | D:4      | Killed Edmund
  5035 | D:4      | Reached XP level 7. HP: 32/43 MP: 10/10
  5153 | D:4      | Noticed Natasha
  5158 | D:4      | Killed Natasha
  5219 | D:5      | Entered Level 5 of the Dungeon
  5288 | D:5      | Found an ornate altar of the Wu Jian Council.
  5334 | D:5      | HP: 2/43 [killer bee (1)]
  5334 | D:5      | Slain by a killer bee

Levels and vault maps discovered:
D:1:      nagdon_arrival_zigzag_paths, layout_loops_ring
D:2:      layout_basic, minmay_misc_feat_x
D:3:      layout_basic, elyvilon_altar_3, kennysheep_cluttered_room
D:4:      layout_rooms, gammafunk_ghost_grave, first_ration, uniq_edmund,
          uniq_natasha
D:5:      layout_cave_pools, kennysheep_little_box,
          hellmonk_ghost_happy_afterlife, portal_sewer_entry_a

Skill      XL: |  1  2  3  4  5  6  7 |
---------------+----------------------+-----
Transmutations | 3 4 |  4.1
Poison Magic   | 1 3 |  3.0
Unarmed Combat | 4 5 |  5.3
Dodging        | 3 4 |  4.4
Fighting       | |  1.4
Spellcasting   | |  2.0

Action                   |  1- 3 |  4- 6 |  7- 9 || total
-------------------------+-------+-------+-------++-------
Melee: Unarmed           |   102 |   125 |       ||   227
       Constrict         |    28 |     5 |     6 ||    39
       Kick              |     1 |       |       ||     1
       Tentacles         |    10 |     4 |     5 ||    19
       Dagger            |       |    10 |    21 ||    31
       Punch             |       |     1 |       ||     1
 Cast: Beastly Appendage |     3 |       |       ||     3
       Spider Form       |     4 |    25 |       ||    29
  Use: Scroll            |       |       |     3 ||     3
 Stab: Sleeping          |     7 |     3 |       ||    10
  Eat: Chunk             |     4 |    14 |       ||    18
Armor: Skin              |    15 |     6 |       ||    21
Dodge: Dodged            |    80 |   132 |    17 ||   229
